[ PARTIDA AOE2 · #506123610 ]
UnrankedBirmanos vs Italians
Equipo del jugador · VICT
Equipo rival · DERR
[ ANÁLISIS DE REPETICIÓN · EXTRAÍDO DE LA PARTIDA GRABADA ]
Feudal
—
Castillos
—
Imperial
—
| APM promedio | 90.0 |
| APM pico | 133 |
| eAPM promedio | 51.4 |
| Aldeanos / militares | 19 / 0 |
Foco
⚔️ 50.4% · 🌾 49.6%
Feudal
—
Castillos
—
Imperial
—
| APM promedio | 49.9 |
| APM pico | 63 |
| eAPM promedio | 24.7 |
| Aldeanos / militares | 15 / 0 |
Foco
⚔️ 49.4% · 🌾 50.6%
Mapa de la partida
Recursos iniciales + cada clic de construcción. Líneas = muros · curvas = relieve. ◆ oro · ⬟ piedra · ● bayas · ✦ reliquia · ◌ hueco del cierre
Tu base
Base de pren
Terreno inicial suavizado · ◌ = hueco del cierre detectado · pasá el cursor para detalles
Inputs por minuto
— AOKI_Nyusika - - pren
Build order — AOKI_Nyusika
28 acciones detectadas en el replay
| 0:00 | Encolar | Villager (Male) |
| 0:00 | Encolar | Villager (Male) |
| 0:00 | Encolar | Villager (Male) |
| 0:01 | Encolar | Villager (Male) |
| 0:02 | Construir | House |
| 0:02 | Construir | House |
| 0:14 | Investigar | Loom |
| 0:15 | Encolar | Villager (Male) |
| 0:16 | Encolar | Villager (Male) |
| 0:17 | Encolar | Villager (Male) |
| 1:17 | Construir | Palisade Wall |
| 1:44 | Construir | Lumber Camp |
| 2:02 | Encolar | Villager (Male) |
| 2:02 | Encolar | Villager (Male) |
| 2:41 | Encolar | Villager (Male) |
| 3:11 | Encolar | Villager (Male) |
| 3:51 | Encolar | Villager (Male) |
| 3:51 | Encolar | Villager (Male) |
| 4:18 | Encolar | Villager (Male) |
| 4:18 | Encolar | Villager (Male) |
| 4:27 | Construir | Palisade Wall |
| 5:01 | Encolar | Villager (Male) |
| 5:11 | Construir | Palisade Wall |
| 5:19 | Encolar | Villager (Male) |
| 5:19 | Encolar | Villager (Male) |
| 5:31 | Construir | House |
| 5:32 | Construir | House |
| 5:52 | Encolar | Villager (Male) |
Build order — pren
35 acciones detectadas en el replay
| 0:01 | Encolar | Villager (Male) ×4 |
| 0:02 | Construir | House |
| 0:03 | Construir | House |
| 0:28 | Investigar | Loom |
| 1:01 | Encolar | Villager (Male) |
| 1:01 | Encolar | Villager (Male) |
| 1:38 | Construir | Lumber Camp |
| 1:49 | Encolar | Villager (Male) |
| 2:38 | Encolar | Villager (Male) |
| 2:50 | Construir | Palisade Gate |
| 3:16 | Encolar | Villager (Male) |
| 3:24 | Construir | Palisade Wall |
| 3:27 | Construir | Palisade Wall |
| 3:50 | Construir | Palisade Wall |
| 3:53 | Encolar | Villager (Male) |
| 4:34 | Encolar | Villager (Male) |
| 4:34 | Encolar | Villager (Male) |
| 4:54 | Construir | Palisade Wall |
| 4:58 | Construir | Palisade Wall |
| 5:01 | Construir | Palisade Wall |
| 5:02 | Construir | Palisade Wall |
| 5:03 | Construir | Palisade Wall |
| 5:05 | Construir | Palisade Wall |
| 5:06 | Construir | Palisade Wall |
| 5:08 | Construir | Palisade Wall |
| 5:09 | Construir | Palisade Wall |
| 5:19 | Encolar | Villager (Male) |
| 5:25 | Encolar | Villager (Male) |
| 5:33 | Construir | Palisade Wall |
| 5:35 | Construir | Palisade Wall |
| 5:37 | Construir | Palisade Wall |
| 6:01 | Construir | Palisade Wall |
| 6:06 | Construir | Palisade Wall |
| 6:17 | Construir | Palisade Wall |
| 6:21 | Encolar | Villager (Male) |
Cronología de la partida
| 1:17 | AOKI_Nyusika · wall_segment Palisade Wall x5 |
| 3:24 | pren · wall_segment Palisade Wall x1 |
| 3:27 | pren · wall_segment Palisade Wall x1 |
| 3:50 | pren · wall_segment Palisade Wall x4 |
| 4:27 | AOKI_Nyusika · wall_segment Palisade Wall x1 |
| 4:54 | pren · wall_segment Palisade Wall x1 |
| 4:58 | pren · wall_segment Palisade Wall x1 |
| 5:01 | pren · wall_segment Palisade Wall x1 |
| 5:02 | pren · wall_segment Palisade Wall x1 |
| 5:03 | pren · wall_segment Palisade Wall x1 |
| 5:05 | pren · wall_segment Palisade Wall x1 |
| 5:06 | pren · wall_segment Palisade Wall x1 |
| 5:08 | pren · wall_segment Palisade Wall x1 |
| 5:09 | pren · wall_segment Palisade Wall x1 |
| 5:11 | AOKI_Nyusika · wall_segment Palisade Wall x5 |
| 5:33 | pren · wall_segment Palisade Wall x1 |
| 5:35 | pren · wall_segment Palisade Wall x1 |
| 5:37 | pren · wall_segment Palisade Wall x1 |
| 6:01 | pren · wall_segment Palisade Wall x1 |
| 6:06 | pren · wall_segment Palisade Wall x1 |
| 6:17 | pren · wall_segment Palisade Wall x1 |
| 6:28 | pren · resign |
[ ANÁLISIS IA · 1 CRÉDITO ]
¿Qué pasó realmente en esta partida?
Wolo.gg analiza cada decisión: build order, eco, micro, errores típicos por bracket. Análisis personalizado por WhatsApp o Discord en 30 segundos.
Guía civ
Birmanos
Perfil
Jugador #1853539